2735 views
Uploaded 2020-03-05 21:47:54
Game version 1.32.2
99:39 long 1on1 ladder game on (4)TwistedMeadows
Saved by BEARAND
2735 views
Uploaded 2020-03-05 21:47:54
Game version 1.32.2
99:39 long 1on1 ladder game on (4)TwistedMeadows

88 units @ 15.5k
/ 2.9k
39 buildings @ 7.1k
/ 3.9k



| Healing Salve | 1 | 100 |
| Potion of Healing | 1 | 150 |
| Scroll of Healing | 1 | 250 |
| Periapt of Vitality | 1 | 325 |
| Potion of Lesser Invulnerability | 1 | 150 |
| total: | 5 | 975g |
| Peon | 19 | 1425 | / | 0 |
| Grunt | 4 | 800 | / | 0 |
| Raider | 22 | 3960 | / | 880 |
| Wind Rider | 9 | 2385 | / | 360 |
| Demolisher | 10 | 2200 | / | 500 |
| Troll Witch Doctor | 6 | 870 | / | 150 |
| Shaman | 5 | 650 | / | 100 |
| Tauren | 6 | 1680 | / | 480 |
| Troll Batrider | 4 | 640 | / | 160 |
| Goblin Shredder | 1 | 375 | / | 100 |
| Goblin Zeppelin | 2 | 480 | / | 120 |
| total: | 88 | 15465g | / | 2850w |
| Watch Tower | 8 | 880 | / | 640 |
| Altar of Storms | 1 | 180 | / | 50 |
| Orc Burrow | 8 | 1280 | / | 320 |
| Barracks | 3 | 540 | / | 150 |
| War Mill | 1 | 205 | / | 0 |
| Voodoo Lounge | 1 | 130 | / | 30 |
| Great Hall | 6 | 2310 | / | 1110 |
| Beastiary | 3 | 435 | / | 420 |
| Spirit Lodge | 3 | 450 | / | 450 |
| Tauren Totem | 5 | 675 | / | 775 |
| Stronghold | 2 | 630 | / | 380 |
| Fortress | 1 | 325 | / | 190 |
| total: | 39 | 7085g | / | 3945w |
| 0:06 | Peon |
| 0:06 | Peon |
| 0:10 | Peon |
| 0:10 | Peon |
| 0:10 | Peon |
| 0:10 | Peon |
| 0:10 | Peon |
| 0:36 | Altar of Storms |
| 0:44 | Orc Burrow |
| 1:08 | Barracks |
| 1:13 | Peon |
| 1:27 | War Mill |
| 1:37 | Orc Burrow |
| 1:52 | Peon |
| 1:52 | Peon |
| 2:28 | Grunt |
| 2:28 | Grunt |
| 2:50 | War Stomp |
| 2:57 | Stronghold |
| 3:44 | Grunt |
| 3:47 | Grunt |
| 3:50 | Steel Melee Weapons |
| 4:08 | Steel Armor |
| 4:20 | Orc Burrow |
| 4:46 | Voodoo Lounge |
| 5:18 | Endurance Aura |
| 6:03 | Fortress |
| 6:07 | Thorium Armor |
| 6:18 | Thorium Melee Weapons |
| 6:47 | Beastiary |
| 6:55 | Beastiary |
| 7:19 | War Stomp |
| 7:21 | Wind Walk |
| 7:41 | Healing Salve |
| 7:42 | Potion of Healing |
| 8:03 | Orc Burrow |
| 8:10 | Ensnare |
| 8:12 | Raider |
| 8:42 | Troll Regeneration |
| 8:45 | Raider |
| 9:40 | Raider |
| 9:43 | Pillage |
| 11:33 | Goblin Shredder |
| 12:02 | Goblin Zeppelin |
| 12:13 | Great Hall |
| 14:04 | Orc Burrow |
| 14:15 | Peon |
| 14:33 | Arcanite Armor |
| 14:34 | Arcanite Melee Weapons |
| 15:06 | Critical Strike |
| 15:09 | Feral Spirit |
| 16:21 | Raider |
| 16:22 | Raider |
| 16:23 | Raider |
| 21:59 | Spiked Barricades |
| 24:27 | Wind Rider |
| 27:56 | Orc Burrow |
| 28:49 | Raider |
| 28:57 | Beastiary |
| 29:41 | Raider |
| 29:41 | Raider |
| 30:47 | Orc Burrow |
| 32:33 | Great Hall |
| 33:06 | Orc Burrow |
| 33:09 | Improved Spiked Barricades |
| 34:19 | Burning Oil |
| 34:38 | Barracks |
| 34:48 | Envenomed Spears |
| 35:17 | Peon |
| 35:17 | Peon |
| 35:18 | Peon |
| 35:18 | Peon |
| 35:31 | Demolisher |
| 35:38 | Wind Rider |
| 35:39 | Wind Rider |
| 35:41 | Wind Rider |
| 35:43 | Demolisher |
| 35:43 | Demolisher |
| 36:30 | Demolisher |
| 36:39 | Demolisher |
| 38:29 | Peon |
| 38:39 | Spirit Lodge |
| 38:42 | Spirit Lodge |
| 38:45 | Spirit Lodge |
| 38:50 | Liquid Fire |
| 42:23 | Peon |
| 42:27 | Witch Doctor Adept Training |
| 42:29 | Shaman Adept Training |
| 43:59 | Barracks |
| 44:23 | Great Hall |
| 49:16 | Tauren Totem |
| 49:21 | Tauren Totem |
| 49:23 | Tauren Totem |
| 49:24 | Tauren Totem |
| 49:27 | Tauren Totem |
| 49:30 | Witch Doctor Master Training |
| 49:32 | Troll Witch Doctor |
| 49:33 | Troll Witch Doctor |
| 49:37 | Shaman Master Training |
| 50:23 | Watch Tower |
| 50:24 | Watch Tower |
| 50:26 | Watch Tower |
| 50:27 | Watch Tower |
| 50:29 | Watch Tower |
| 50:30 | Watch Tower |
| 50:34 | Watch Tower |
| 50:37 | Watch Tower |
| 53:30 | Shaman |
| 53:31 | Shaman |
| 53:32 | Troll Witch Doctor |
| 53:33 | Shaman |
| 53:37 | Pulverize |
| 53:40 | Tauren |
| 53:41 | Tauren |
| 53:42 | Tauren |
| 53:43 | Tauren |
| 54:06 | Peon |
| 54:07 | Peon |
| 54:16 | Great Hall |
| 56:32 | Chain Lighting |
| 56:47 | Endurance Aura |
| 57:20 | Great Hall |
| 57:48 | Spirit Walker Adept Training |
| 58:11 | Raider |
| 60:00 | Wind Walk |
| 60:16 | Raider |
| 61:30 | Periapt of Vitality |
| 61:31 | Scroll of Healing |
| 61:33 | Potion of Lesser Invulnerability |
| 63:12 | Troll Witch Doctor |
| 63:13 | Shaman |
| 63:13 | Troll Witch Doctor |
| 63:14 | Shaman |
| 63:20 | Demolisher |
| 63:21 | Demolisher |
| 63:26 | Raider |
| 63:26 | Raider |
| 63:26 | Raider |
| 63:26 | Raider |
| 63:27 | Raider |
| 65:14 | Goblin Zeppelin |
| 67:55 | Troll Batrider |
| 67:55 | Troll Batrider |
| 67:57 | Troll Batrider |
| 67:58 | Troll Batrider |
| 69:50 | Far Sight |
| 70:15 | Raider |
| 73:00 | Raider |
| 73:00 | Raider |
| 73:01 | Raider |
| 73:02 | Raider |
| 73:02 | Raider |
| 74:43 | Great Hall |
| 75:12 | Wind Rider |
| 76:30 | Wind Rider |
| 76:31 | Wind Rider |
| 76:35 | Demolisher |
| 76:44 | Tauren |
| 76:50 | Troll Witch Doctor |
| 81:19 | Tauren |
| 81:39 | Demolisher |
| 83:04 | Demolisher |
| 87:56 | Wind Rider |
| 87:56 | Wind Rider |
| Right click | 824 |
| Select | 822 |
| Assign group | 248 |
| Build/train/purchase | 175 |
| Use ability | 62 |
| Select group | 35 |
| Remove unit | 29 |
| Misc. action | 13 |
| Chat | 5 |
| Item give/drop | 2 |
26 units @ 3.4k
/ 0.5k
227 buildings @ 9.5k
/ 5.6k



| Scroll of Regeneration | 4 | 400 |
| Potion of Healing | 3 | 450 |
| Lesser Clarity Potion | 2 | 140 |
| Orb of Fire | 2 | 650 |
| Staff of Sanctuary | 3 | 750 |
| Staff of Teleportation | 3 | 450 |
| Boots of Speed | 3 | 750 |
| total: | 20 | 3590g |
| Peasant | 18 | 1350 | / | 0 |
| Priest | 1 | 135 | / | 10 |
| Sorceress | 1 | 155 | / | 20 |
| Goblin Shredder | 2 | 750 | / | 200 |
| Goblin Zeppelin | 4 | 960 | / | 240 |
| total: | 26 | 3350g | / | 470w |
| Scout Tower | 211 | 6330 | / | 4220 |
| Arcane Tower | 12 | 840 | / | 600 |
| Guard Tower | 74 | 5180 | / | 3700 |
| Altar of Kings | 1 | 180 | / | 50 |
| Farm | 4 | 320 | / | 80 |
| Lumber Mill | 1 | 120 | / | 0 |
| Arcane Vault | 4 | 520 | / | 120 |
| Town Hall | 5 | 1925 | / | 1025 |
| Arcane Sanctum | 1 | 150 | / | 140 |
| Keep | 1 | 320 | / | 210 |
| Castle | 1 | 360 | / | 210 |
| total: | 227 | 9545g | / | 5635w |
| 0:01 | Peasant |
| 0:01 | Peasant |
| 0:08 | Altar of Kings |
| 0:11 | Peasant |
| 0:18 | Farm |
| 0:20 | Peasant |
| 0:31 | Scout Tower |
| 0:38 | Farm |
| 0:47 | Peasant |
| 0:58 | Lumber Mill |
| 1:06 | Peasant |
| 1:14 | Scout Tower |
| 1:18 | Peasant |
| 1:35 | Arcane Tower |
| 1:40 | Peasant |
| 1:55 | Scout Tower |
| 1:58 | Peasant |
| 2:00 | Peasant |
| 2:05 | Guard Tower |
| 2:29 | Scout Tower |
| 2:31 | Scout Tower |
| 2:41 | Blizzard |
| 2:46 | Peasant |
| 2:46 | Peasant |
| 2:46 | Peasant |
| 3:17 | Peasant |
| 3:17 | Peasant |
| 3:18 | Guard Tower |
| 3:18 | Guard Tower |
| 3:32 | Guard Tower |
| 3:34 | Scout Tower |
| 3:41 | Arcane Vault |
| 3:55 | Staff of Teleportation |
| 3:55 | Boots of Speed |
| 4:03 | Guard Tower |
| 5:04 | Keep |
| 5:06 | Improved Masonry |
| 5:14 | Farm |
| 5:15 | Farm |
| 5:37 | Scout Tower |
| 5:37 | Scout Tower |
| 5:41 | Scroll of Regeneration |
| 6:08 | Scroll of Regeneration |
| 6:17 | Guard Tower |
| 6:35 | Brilliance Aura |
| 7:07 | Town Hall |
| 7:12 | Scout Tower |
| 7:12 | Scout Tower |
| 7:13 | Scout Tower |
| 7:13 | Scout Tower |
| 7:14 | Scout Tower |
| 7:15 | Scout Tower |
| 7:15 | Scout Tower |
| 7:16 | Scout Tower |
| 7:16 | Scout Tower |
| 7:17 | Scout Tower |
| 7:31 | Peasant |
| 7:31 | Peasant |
| 7:31 | Peasant |
| 7:32 | Improved Lumber Harvesting |
| 8:24 | Scroll of Regeneration |
| 8:26 | Storm Bolt |
| 8:56 | Blizzard |
| 9:15 | Goblin Shredder |
| 9:18 | Arcane Tower |
| 9:21 | Scout Tower |
| 9:21 | Scout Tower |
| 9:22 | Scout Tower |
| 9:22 | Scout Tower |
| 9:23 | Scout Tower |
| 9:23 | Scout Tower |
| 9:24 | Scout Tower |
| 9:47 | Potion of Healing |
| 10:14 | Bash |
| 10:25 | Staff of Teleportation |
| 10:25 | Boots of Speed |
| 10:28 | Guard Tower |
| 10:29 | Guard Tower |
| 10:29 | Guard Tower |
| 10:33 | Advanced Masonry |
| 11:10 | Castle |
| 11:11 | Guard Tower |
| 11:13 | Scout Tower |
| 11:14 | Scout Tower |
| 11:15 | Scout Tower |
| 11:17 | Scout Tower |
| 11:19 | Scout Tower |
| 11:19 | Scout Tower |
| 11:20 | Scout Tower |
| 11:20 | Scout Tower |
| 11:20 | Scout Tower |
| 11:21 | Scout Tower |
| 11:28 | Guard Tower |
| 11:28 | Guard Tower |
| 11:30 | Arcane Vault |
| 11:31 | Scout Tower |
| 11:31 | Scout Tower |
| 11:31 | Scout Tower |
| 12:02 | Storm Bolt |
| 12:08 | Guard Tower |
| 12:11 | Arcane Sanctum |
| 12:13 | Brilliance Aura |
| 12:34 | Scout Tower |
| 12:35 | Scout Tower |
| 12:35 | Scout Tower |
| 12:35 | Scout Tower |
| 12:53 | Guard Tower |
| 12:59 | Scroll of Regeneration |
| 13:17 | Lesser Clarity Potion |
| 13:18 | Potion of Healing |
| 13:18 | Potion of Healing |
| 13:34 | Guard Tower |
| 13:35 | Imbued Masonry |
| 13:36 | Magic Sentry |
| 13:39 | Priest |
| 13:40 | Priest Adept Training |
| 13:40 | Sorceress Adept Training |
| 13:40 | Sorceress |
| 13:43 | Staff of Teleportation |
| 13:43 | Boots of Speed |
| 13:57 | Guard Tower |
| 14:00 | Guard Tower |
| 14:47 | Holy Light |
| 15:02 | Guard Tower |
| 15:05 | Scout Tower |
| 15:06 | Scout Tower |
| 15:07 | Scout Tower |
| 15:08 | Scout Tower |
| 15:08 | Scout Tower |
| 15:09 | Scout Tower |
| 15:15 | Guard Tower |
| 15:17 | Scout Tower |
| 15:18 | Scout Tower |
| 15:41 | Divine Shield |
| 16:03 | Arcane Tower |
| 16:03 | Guard Tower |
| 16:11 | Scout Tower |
| 16:11 | Scout Tower |
| 16:12 | Scout Tower |
| 16:12 | Scout Tower |
| 16:13 | Scout Tower |
| 16:13 | Scout Tower |
| 16:13 | Scout Tower |
| 16:14 | Scout Tower |
| 16:38 | Goblin Zeppelin |
| 16:52 | Guard Tower |
| 16:54 | Scout Tower |
| 16:54 | Scout Tower |
| 16:55 | Scout Tower |
| 16:55 | Scout Tower |
| 16:56 | Scout Tower |
| 16:56 | Scout Tower |
| 16:57 | Scout Tower |
| 16:57 | Scout Tower |
| 16:59 | Scout Tower |
| 16:59 | Scout Tower |
| 17:00 | Scout Tower |
| 17:00 | Scout Tower |
| 17:01 | Scout Tower |
| 17:01 | Scout Tower |
| 17:02 | Scout Tower |
| 17:02 | Scout Tower |
| 17:02 | Scout Tower |
| 17:03 | Scout Tower |
| 17:03 | Scout Tower |
| 17:03 | Scout Tower |
| 17:06 | Arcane Tower |
| 17:13 | Guard Tower |
| 17:35 | Orb of Fire |
| 17:35 | Staff of Sanctuary |
| 17:45 | Guard Tower |
| 17:47 | Scout Tower |
| 17:48 | Scout Tower |
| 17:50 | Scout Tower |
| 17:52 | Guard Tower |
| 17:56 | Orb of Fire |
| 17:56 | Staff of Sanctuary |
| 19:08 | Guard Tower |
| 19:09 | Guard Tower |
| 19:09 | Guard Tower |
| 19:18 | Guard Tower |
| 19:22 | Town Hall |
| 19:54 | Goblin Zeppelin |
| 20:05 | Guard Tower |
| 20:08 | Lesser Clarity Potion |
| 20:19 | Staff of Sanctuary |
| 20:28 | Guard Tower |
| 20:29 | Scout Tower |
| 20:29 | Scout Tower |
| 20:30 | Scout Tower |
| 20:30 | Scout Tower |
| 20:30 | Scout Tower |
| 20:31 | Scout Tower |
| 20:31 | Scout Tower |
| 20:31 | Scout Tower |
| 20:33 | Scout Tower |
| 20:33 | Scout Tower |
| 20:33 | Scout Tower |
| 20:34 | Scout Tower |
| 20:34 | Scout Tower |
| 20:35 | Scout Tower |
| 20:35 | Scout Tower |
| 20:35 | Scout Tower |
| 20:53 | Arcane Tower |
| 20:54 | Guard Tower |
| 21:23 | Bash |
| 21:26 | Holy Light |
| 22:20 | Town Hall |
| 22:23 | Scout Tower |
| 22:23 | Scout Tower |
| 22:24 | Scout Tower |
| 22:24 | Scout Tower |
| 22:25 | Scout Tower |
| 22:25 | Scout Tower |
| 22:32 | Scout Tower |
| 22:32 | Scout Tower |
| 22:32 | Scout Tower |
| 22:33 | Scout Tower |
| 22:33 | Scout Tower |
| 22:34 | Scout Tower |
| 22:34 | Scout Tower |
| 22:35 | Scout Tower |
| 22:36 | Scout Tower |
| 22:36 | Scout Tower |
| 22:37 | Scout Tower |
| 22:37 | Scout Tower |
| 22:38 | Scout Tower |
| 22:39 | Scout Tower |
| 22:39 | Scout Tower |
| 22:40 | Scout Tower |
| 22:40 | Scout Tower |
| 22:41 | Scout Tower |
| 22:41 | Scout Tower |
| 22:42 | Scout Tower |
| 22:42 | Scout Tower |
| 23:40 | Goblin Shredder |
| 23:59 | Scout Tower |
| 24:15 | Arcane Tower |
| 24:16 | Arcane Tower |
| 24:16 | Guard Tower |
| 25:05 | Guard Tower |
| 25:09 | Arcane Tower |
| 25:09 | Arcane Tower |
| 25:10 | Guard Tower |
| 25:56 | Guard Tower |
| 25:57 | Guard Tower |
| 26:18 | Guard Tower |
| 26:20 | Guard Tower |
| 26:37 | Guard Tower |
| 26:39 | Guard Tower |
| 26:46 | Goblin Zeppelin |
| 27:26 | Guard Tower |
| 27:29 | Guard Tower |
| 27:33 | Scout Tower |
| 27:34 | Scout Tower |
| 27:34 | Scout Tower |
| 27:34 | Scout Tower |
| 27:35 | Scout Tower |
| 27:35 | Scout Tower |
| 27:36 | Divine Shield |
| 27:57 | Brilliance Aura |
| 28:17 | Scout Tower |
| 28:17 | Scout Tower |
| 28:18 | Scout Tower |
| 28:19 | Scout Tower |
| 28:19 | Scout Tower |
| 28:20 | Scout Tower |
| 28:20 | Scout Tower |
| 28:22 | Scout Tower |
| 28:22 | Scout Tower |
| 28:23 | Scout Tower |
| 28:23 | Scout Tower |
| 28:25 | Scout Tower |
| 28:25 | Scout Tower |
| 28:26 | Scout Tower |
| 28:33 | Scout Tower |
| 28:33 | Scout Tower |
| 28:34 | Scout Tower |
| 28:35 | Scout Tower |
| 28:36 | Scout Tower |
| 28:36 | Scout Tower |
| 28:36 | Scout Tower |
| 28:38 | Scout Tower |
| 28:39 | Scout Tower |
| 28:39 | Scout Tower |
| 28:40 | Scout Tower |
| 28:41 | Scout Tower |
| 28:42 | Scout Tower |
| 28:57 | Town Hall |
| 29:01 | Scout Tower |
| 29:01 | Scout Tower |
| 29:02 | Scout Tower |
| 29:02 | Scout Tower |
| 29:03 | Scout Tower |
| 29:03 | Scout Tower |
| 29:05 | Scout Tower |
| 29:05 | Scout Tower |
| 29:06 | Scout Tower |
| 29:06 | Scout Tower |
| 29:06 | Scout Tower |
| 29:07 | Scout Tower |
| 29:08 | Scout Tower |
| 29:09 | Scout Tower |
| 29:09 | Scout Tower |
| 29:10 | Scout Tower |
| 29:10 | Scout Tower |
| 29:10 | Scout Tower |
| 29:11 | Scout Tower |
| 29:12 | Scout Tower |
| 29:13 | Scout Tower |
| 29:13 | Scout Tower |
| 29:13 | Scout Tower |
| 29:14 | Scout Tower |
| 29:15 | Scout Tower |
| 29:16 | Scout Tower |
| 29:28 | Guard Tower |
| 29:34 | Arcane Tower |
| 29:37 | Guard Tower |
| 30:49 | Guard Tower |
| 30:52 | Guard Tower |
| 30:54 | Scout Tower |
| 30:55 | Scout Tower |
| 30:57 | Scout Tower |
| 30:58 | Scout Tower |
| 30:58 | Scout Tower |
| 30:59 | Scout Tower |
| 30:59 | Scout Tower |
| 31:00 | Scout Tower |
| 31:20 | Goblin Zeppelin |
| 32:36 | Arcane Vault |
| 32:38 | Arcane Vault |
| 34:24 | Town Hall |
| 34:42 | Guard Tower |
| 34:55 | Guard Tower |
| 35:42 | Storm Bolt |
| 35:52 | Guard Tower |
| 37:18 | Guard Tower |
| 38:12 | Guard Tower |
| 38:20 | Guard Tower |
| 38:23 | Guard Tower |
| 39:06 | Guard Tower |
| 40:18 | Guard Tower |
| 42:03 | Guard Tower |
| 43:17 | Scout Tower |
| 43:24 | Scout Tower |
| 43:46 | Guard Tower |
| 43:57 | Guard Tower |
| 53:32 | Holy Light |
| 85:08 | Mass Teleport |
| 86:39 | Avatar |
| 88:33 | Divine Shield |
| 92:28 | Priest Master Training |
| 95:17 | Scout Tower |
| 95:18 | Scout Tower |
| 95:18 | Scout Tower |
| 95:37 | Scout Tower |
| 95:38 | Scout Tower |
| 95:39 | Scout Tower |
| 95:45 | Guard Tower |
| 95:47 | Scout Tower |
| 96:04 | Guard Tower |
| 96:39 | Guard Tower |
| 96:41 | Scout Tower |
| 96:41 | Scout Tower |
| 96:42 | Scout Tower |
| 96:43 | Guard Tower |
| 96:58 | Guard Tower |
| 97:05 | Scout Tower |
| 97:06 | Scout Tower |
| 97:07 | Scout Tower |
| 97:08 | Scout Tower |
| 97:28 | Scout Tower |
| 97:29 | Scout Tower |
| 97:29 | Scout Tower |
| 97:32 | Guard Tower |
| 98:18 | Guard Tower |
| 98:27 | Blizzard |
| 98:39 | Guard Tower |
| 99:49 | Guard Tower |
| Right click | 5389 |
| Select | 2091 |
| Select group | 554 |
| Build/train/purchase | 543 |
| Chat | 375 |
| Use ability | 299 |
| Misc. action | 33 |
| Item give/drop | 26 |
| Assign group | 25 |
| Remove unit | 1 |
| Esc | 1 |
| Minimap ping | 1 |